 Dungeon Crawl Stone Soup version 0.29-a0-559-g359e09b9d1 (webtiles) character file.

Game seed: 15224259078844478244

320 xian the Ducker (level 6, 0/51 HPs)
             Began as a Draconian Gladiator on June 10, 2022.
             Was an Initiate of Wu Jian.
             Succumbed to a water moccasin's poison
             ... on level 4 of the Dungeon.
             The game lasted 00:14:19 (5360 turns).

xian the Ducker (Draconian Gladiator)               Turns: 5360, Time: 00:14:19

Health: 0/51       AC:  6    Str: 19    XL:     6   Next: 22%
Magic:  6/6        EV: 13    Int:  8    God:    Wu Jian [......]
Gold:   221        SH:  0    Dex: 12    Spells: 5/5 levels left

rFire   . . .      SeeInvis .   k - +3 short sword (speed)
rCold   . . .      Faith    .   (no shield)
rNeg    . . .      Spirit   .   (body armour unavailable)
rPois   .          Reflect  .   b - +0 hat
rElec   .          Harm     .   (no cloak)
rCorr   .          Rampage  .   (no gloves)
Will    .....                   (no boots)
Stlth   +.........              (no amulet)
HPRegen 0.17/turn               (no ring)
MPRegen 0.10/turn               (no ring)

@: lethally poisoned (0 -> -24), hasted, very quick
A: AC +6, unfitting armour, cold-blooded
a: Renounce Religion


You were on level 4 of the Dungeon.
You worshipped Wu Jian.
Wu Jian was noncommittal.
You visited 2 branches of the dungeon, and saw 6 of its levels.

You collected 221 gold pieces.

Inventory:

Hand Weapons
 k - a +3 short sword of speed (weapon)
Missiles
 c - 3 throwing nets
 d - 5 javelins (quivered)
 e - 7 poisoned darts
Armour
 b - a +0 hat (worn)
Wands
 q - a wand of acid (5)
Scrolls
 l - a scroll of immolation
 p - a scroll of enchant weapon
 r - a scroll of identify
Potions
 a - a potion of cancellation {unknown}
 f - 3 potions of magic
 g - 9 potions of curing
 h - a potion of haste
 i - 2 potions of ambrosia {unknown}
 j - a potion of attraction {unknown}
 m - a potion of lignification {unknown}
 n - 3 potions of flight
 o - a potion of degeneration {unknown}


   Skills:
 + Level 3.1 Fighting
 + Level 3.9(4.6) Short Blades
 + Level 3.5(4.4) Long Blades
 + Level 2.0 Throwing
 + Level 4.1 Dodging
 + Level 0.9 Stealth


You had 5 spell levels left.
You didn't know any spells.
Your spell library contained the following spells:

 Spells                   Type           Power      Damage    Failure   Level
 Sublimation of Blood     Necr           0%         N/A       54%         2
 Call Canine Familiar     Summ           0%         N/A       78%         3
 Portal Projectile        Hex/Tloc       0%         N/A       78%         3
 Leda's Liquefaction      Hex/Erth       0%         N/A       99%         4
 Petrify                  Tmut/Erth      0%         N/A       99%         4
 Irradiate                Conj/Tmut      0%         3d13      100%        5


Dungeon Overview and Level Annotations

Branches:
Dungeon (5/15)             Temple (1/1) D:4

Altars:
Ashenzari
Cheibriados
Elyvilon
Fedhas
Gozag
Kikubaaqudgha
Makhleb
Nemelex Xobeh
Okawaru
Qazlal
Ru
Sif Muna
Trog
Uskayaw
Vehumet
Wu Jian
Xom
Yredelemnul
Zin
The Shining One

Shops:
D:1 =


Innate Abilities, Weirdness & Mutations

Your plain brown scales are hard. (AC +6)
You cannot fit into any form of body armour.
You are cold-blooded and may be slowed by cold attacks.


Message History

The jackal bites you. The jackal barely misses you. x2
The water moccasin barely misses you.
You closely miss the water moccasin.
Your tail-slap misses the water moccasin.
The water moccasin is moderately wounded.
The jackal bites you. The jackal closely misses you.
The jackal barely misses you. The water moccasin bites you.
You hit the water moccasin.
The water moccasin is heavily wounded.
The jackal bites you but does no damage.
The jackal bites you.
You miss the water moccasin.
The water moccasin is heavily wounded.
The jackal bites you.
* * * LOW HITPOINT WARNING * * *
The water moccasin completely misses you.
The jackal bites you.
* * * LOW HITPOINT WARNING * * *
The jackal bites you but does no damage.
Okay, then.
Okay, then.
Okay, then.
You feel yourself speed up. The jackal barely misses you.
The water moccasin bites you.
* * * LOW HITPOINT WARNING * * *
You are lethally poisoned!
The water moccasin poisons you! The jackal closely misses you.
The jackal barely misses you. The jackal misses you.
The water moccasin bites you.
* * * LOW HITPOINT WARNING * * *
You are more poisoned.
The water moccasin poisons you!
You miss the water moccasin.
The water moccasin is heavily wounded.
* * * LOW HITPOINT WARNING * * *
You feel very sick. The jackal closely misses you.
The jackal barely misses you.
You hit the water moccasin.
The water moccasin is heavily wounded.
You die...

##.....#......÷.........##...###
#............÷...<......##...#.
####......#..............#.....
#########..........#........
###..........)......
#..................
##..........#......
###h.........#......
#.S@....#.<..##.###.
#†hh....#...##### ##
#....#..#...# # ######.###.##
### ###


You could see a water moccasin and 3 jackals.

Vanquished Creatures
  2 hounds (D:4)
  Crazy Yiuf (D:4)
  2 iguanas (D:4)
  A gnoll (D:1)
  9 adders
  An ufetubus (D:4)
  A worm (D:3)
  A dart slug (D:3)
  5 orcs
  3 bats
  9 endoplasms
  5 giant cockroaches
  4 hobgoblins
  7 jackals
  4 quokkas
  6 ball pythons
  3 frilled lizards
  5 goblins
  6 kobolds
  3 rats
78 creatures vanquished.

Vanquished Creatures (others)
  A fungus (D:4)
1 creature vanquished.

Grand Total: 79 creatures vanquished

Notes
Turn   | Place    | Note
-------+----------+-------------------------------------------
     0 | D:1      | xian the Draconian Gladiator began the quest for the Orb.
     0 | D:1      | Reached XP level 1. HP: 17/17 MP: 1/1
   134 | D:1      | Found Ineari's One-of-a-Kind Rings.
   180 | D:1      | Found a faded altar of an unknown god.
   641 | D:1      | Reached skill level 3 in Dodging
   641 | D:1      | Reached XP level 2. HP: 7/25 MP: 2/2
  1530 | D:2      | Reached XP level 3. HP: 23/30 MP: 3/3
  1851 | D:2      | Reached skill level 1 in Short Blades
  2318 | D:2      | Reached XP level 4. HP: 37/37 MP: 4/4
  3591 | D:3      | Reached XP level 5. HP: 38/42 MP: 5/5
  3925 | D:4      | Found a staircase to the Ecumenical Temple.
  3947 | Temple   | Entered the Ecumenical Temple
  4315 | Temple   | Became a worshipper of the Wu Jian Council
  5013 | D:4      | Reached skill level 4 in Dodging
  5013 | D:4      | Reached XP level 6. HP: 49/51 MP: 6/6
  5082 | D:4      | Found a runed translucent door.
  5083 | D:4      | Noticed Crazy Yiuf
  5284 | D:4      | Killed Crazy Yiuf
  5317 | D:5      | Entered Level 5 of the Dungeon
  5322 | D:5      | Noticed a water moccasin
  5359 | D:4      | HP: 2/51 [poisoned by a water moccasin]
  5360 | D:4      | Succumbed to a water moccasin's poison

Illustrated notes

Levels and vault maps discovered:
D:1:      denvon_arrival_planthouse, layout_basic,
          chequers_ecumenical_altar_simple, hangedman_decor_clover_reticule,
          nicolae_shop_unique_rings
D:2:      layout_loops_corners, minmay_misc_feat_encased,
          kennysheep_big_empty_room, st_stairs_2, minmay_crystal_room
D:3:      minmay_recursive_quarters, layout_basic, dk_noncrumbling_2
D:4:      layout_cave_pools, minmay_temple_entry_glass, minivault_1,
          uniq_crazy_yiuf_cottage
D:5:      layout_gridville, corexii_leaking_fountain
Temple:   mainiacjoe_temple_cubbyholes

Skill      XL: |  1  2  3  4  5 |
---------------+----------------+-----
Dodging        | 3 4 |  4.1
Short Blades   | 1 2 3 |  3.9
Throwing       | 2 |  2.0
Fighting       | 3 |  3.1
Long Blades    | |  3.5
Stealth        | |  0.9

Action                   |  1- 3 |  4- 6 || total
-------------------------+-------+-------++-------
Melee: Dagger            |    77 |       ||    77
       Long sword        |    12 |       ||    12
       Tailslap          |     7 |    21 ||    28
       Short sword       |    30 |   183 ||   213
Throw: Javelin           |       |     3 ||     3
       Throwing net      |       |     1 ||     1
Invok: Lunge             |       |     3 ||     3
  Use: Scroll            |       |     9 ||     9
       Potion            |       |     2 ||     2
 Stab: Held in net/web   |       |     1 ||     1
Armor: Skin              |    42 |    68 ||   110
Dodge: Dodged            |    80 |   123 ||   203

Table legend: (Time is in decaauts)
 A = Elapsed time spent in this place.
 B = Non-inter-level travel time spent in this place.
 C = Inter-level travel time spent in this place.
 D = Time resting spent in this place.
 E = Time spent auto-exploring this place.
 F = Levels seen in this place.
 G = Mean time per level.
                   A        B        C        D        E       F      G
               +--------+--------+--------+--------+--------+-----+--------+
         Total |   5282 |   5011 |    271 |    240 |   3686 |   6 |  880.3 |
       Dungeon |   4871 |   4711 |    160 |    240 |   3417 |   5 |  974.2 |
        Temple |    411 |    300 |    111 |      0 |    269 |   1 |  411.0 |
               +--------+--------+--------+--------+--------+-----+--------+

Top non-repeatable levels by time:
     D:2: 1361 daAuts
     D:1: 1248 daAuts
     D:3: 1234 daAuts
     D:4: 1010 daAuts
  Temple: 411 daAuts
     D:5: 15 daAuts
